Map: Nightshade LE

Players

LiquidTaeJa (TaeJa) - Winner!

  • Race: Terran Terran
  • League: Grandmaster
  • Spawn Location: 11:00

JinairRogue (Rogue)

  • Race: Zerg Zerg
  • Spawn Location: 5:00

VOD

Have the link to the VOD?

Description

Time

  • Played on: Jan. 9, 2020, 4:30 a.m.
  • Length: 11:41
Show
View Real Time Build Order
Export as new Build Order

LiquidTaeJa Terran - Winner!

Build Orders: Reaper Expand, Mech 

Get SALT Encoding   

  12  0:00  SCV  
  13  0:12  SCV  
  14  0:17  Supply Depot  
  14  0:24  SCV  
  15  0:38  SCV  
  15  0:41  Barracks  
  16  0:45  Refinery  
  16  0:50  SCV  
  17  1:02  SCV  
  18  1:15  SCV  
  19  1:27  Orbital Command  
  19  1:28  Reaper  
  20  1:39  Command Center  
  20  1:52  Supply Depot  
  20  1:53  SCV  
  21  2:00  Marine  
  22  2:05  SCV  
  22  2:06  Bunker  
  23  2:15  Factory  
  23  2:17  SCV  
  23  2:22  Barracks Reactor  
  24  2:29  SCV  
  25  2:41  Command Center  
  25  2:42  SCV  
  26  2:48  Refinery  
  26  2:54  Orbital Command  
  26  2:57  SCV  
  27  3:08  Marine x2  
  27  3:11  Bunker, Factory Tech Lab  
  29  3:13  SCV  
  30  3:20  SCV  
  30  3:26  Marine x2, SCV  
  34  3:31  Cyclone  
  37  3:37  SCV  
  37  3:39  SCV  
  39  3:46  Marine x2  
  39  3:48  Starport  
  41  3:50  SCV  
  41  3:51  SCV  
  41  3:54  Orbital Command  
  43  4:09  Siege Tank  
  43  4:10  SCV x2  
  43  4:14  Marine x2  
  43  4:20  SCV  
  43  4:22  SCV  
  44  4:29  SCV, Viking  
  43  4:32  SCV  
  43  4:35  SCV  
  45  4:41  SCV  
  47  4:47  SCV, Refinery  
  47  4:49  Hellion x2  
  47  4:50  Refinery  
  51  4:53  Orbital Command  
  51  4:55  SCV  
  51  4:59  SCV  
  53  5:04  Factory  
  53  5:05  Starport Tech Lab  
  53  5:07  SCV  
  53  5:10  Factory  
  53  5:11  SCV  
  53  5:13  Hellion x2  
  53  5:14  Supply Depot  
  59  5:19  SCV x2  
  61  5:27  Armory  
  61  5:29  Armory  
  61  5:32  Supply Depot  
  61  5:35  SCV x3  
  64  5:38  Hellion  
  64  5:39  Hellion  
  64  5:40  Supply Depot  
  68  5:47  SCV  
  69  5:54  SCV x2, Bunker  
  71  5:58  Siege Tank  
  71  5:59  SCV  
  71  6:00  Hellion  
  71  6:02  Supply Depot, Hellion  
  79  6:06  SCV x2  
  79  6:07  Siege Tank  
  84  6:13  Starport Reactor  
  84  6:15  SCV  
  85  6:21  Terran Vehicle Weapons Level 1  
  85  6:22  Supply Depot, Terran Vehicle And Ship Armor Level 1  
  85  6:23  SCV, Supply Depot  
  86  6:28  Hellion  
  86  6:29  Hellion  
  86  6:30  SCV  
  86  6:31  SCV  
  91  6:34  Supply Depot  
  91  6:36  Supply Depot  
  84  6:48  SCV x2  
  84  6:53  SCV  
  77  6:57  Cyclone  
  77  6:58  Cyclone, Mag-Field Accelerator  
  77  6:59  Hellion  
  77  7:00  SCV x2, Hellion, Infernal Pre-Igniter  
  86  7:05  SCV  
  87  7:12  SCV  
  88  7:17  Command Center  
  88  7:21  SCV x2  
  88  7:24  SCV  
  88  7:26  Hellion x2  
  91  7:32  Cyclone  
  91  7:33  SCV x2  
  91  7:36  SCV  
  91  7:37  Supply Depot x2, Cyclone  
  87  7:40  Factory  
  87  7:42  Refinery  
  90  7:44  Refinery  
  90  7:45  SCV  
  90  7:48  SCV x2  
  90  7:50  Factory, Hellion  
  97  7:51  Hellion  
  97  7:57  SCV  
  98  8:00  SCV x2  
  98  8:04  Supply Depot  
  98  8:05  Supply Depot, Cyclone  
  103  8:09  SCV  
  103  8:10  Cyclone  
  103  8:12  SCV  
  108  8:13  Hellion  
  108  8:14  Hellion  
  112  8:28  Factory Reactor  
  112  8:36  Factory Reactor  
  112  8:37  Cyclone  
  112  8:38  Factory Tech Lab  
  115  8:42  Factory, Terran Vehicle Weapons Level 2  
  115  8:43  Factory  
  115  8:49  Factory  
  110  8:56  Hellion x2  
  110  9:01  Cyclone  
  110  9:02  Cyclone  
  115  9:04  SCV x2  
  122  9:10  Hellion x2  
  122  9:11  SCV  
  122  9:16  SCV x2, Cyclone  
  127  9:18  Hellion  
  129  9:25  Hellion  
  129  9:26  Factory Reactor, Factory Tech Lab  
  129  9:28  Refinery  
  129  9:29  Command Center  
  129  9:30  Refinery, Command Center  
  133  9:31  Hellion  
  133  9:33  Factory Tech Lab  
  133  9:34  Cyclone  
  128  9:39  Cyclone  
  128  9:41  Hellion x2  
  128  9:45  Orbital Command  
  129  9:48  Cyclone  
  129  9:49  Engineering Bay  
  132  9:52  Supply Depot  
  132  9:57  Cyclone  
  132  9:58  Cyclone  
  129  10:07  Cyclone  
  129  10:08  Hellion x4  
  129  10:11  Cyclone  
  129  10:12  Hellion  
  145  10:14  SCV  
  145  10:15  SCV  
  147  10:24  Cyclone  
  142  10:33  Hellion x3  
  142  10:35  Cyclone  
  148  10:38  Cyclone  
  148  10:39  Cyclone, Hellion x2  
  153  10:42  Orbital Command  
  153  10:44  Cyclone  
  154  10:50  Hellion  
  154  10:55  Hellion  
  154  10:56  Cyclone  
  154  11:05  Hellion x3  
  154  11:06  Hellion  
  154  11:07  Cyclone  
  154  11:10  Orbital Command  
  168  11:16  Hellion x2  
Show
View Real Time Build Order
Export as new Build Order

JinairRogue Zerg 

Build Orders: Hatch First, Swarm Host 

Get SALT Encoding   

  12  0:00  Drone  
  13  0:12  Overlord  
  13  0:16  Drone  
  14  0:31  Drone x2  
  16  0:48  Hatchery  
  15  0:51  Drone  
  15  0:54  Drone  
  17  0:57  Drone  
  18  1:08  Extractor  
  17  1:13  Spawning Pool  
  17  1:15  Drone  
  17  1:19  Drone  
  18  1:27  Drone  
  19  1:39  Drone  
  20  1:50  Drone  
  21  1:59  Queen x2  
  21  2:00  Zergling x4  
  27  2:05  Roach Warren  
  26  2:10  Overlord  
  26  2:13  Drone  
  27  2:21  Drone  
  28  2:24  Overlord  
  28  2:42  Extractor  
  27  2:45  Roach x4  
  35  2:54  Roach x2  
  39  3:07  Roach x2  
  39  3:09  Overlord  
  39  3:10  Drone  
  43  3:28  Drone x6  
  49  3:34  Ravager  
  49  3:35  Overlord  
  49  3:40  Drone  
  51  3:51  Hatchery  
  51  3:52  Ravager  
  51  3:55  Drone x2  
  53  3:57  Drone  
  53  4:00  Drone  
  53  4:02  Drone  
  56  4:06  Drone  
  55  4:14  Drone  
  55  4:16  Drone x2  
  51  4:20  Drone x2  
  51  4:21  Queen  
  52  4:24  Drone x2  
  52  4:28  Drone x2  
  52  4:32  Queen  
  52  4:35  Metabolic Boost  
  52  4:40  Drone x2  
  54  4:49  Extractor, Overlord x2  
  54  4:50  Extractor  
  52  4:55  Overlord x2  
  52  5:13  Roach x5  
  62  5:16  Roach  
  62  5:17  Queen  
  68  5:21  Roach  
  68  5:26  Roach x2  
  74  5:28  Roach  
  74  5:30  Overlord  
  74  5:38  Zergling x10  
  74  5:40  Ravager  
  74  5:41  Overlord  
  74  5:42  Zergling x4  
  82  5:48  Zergling x8  
  86  5:52  Overlord  
  86  5:56  Ravager x2  
  86  5:57  Zergling x4  
  88  6:01  Zergling x2  
  88  6:02  Zergling x2  
  90  6:06  Ravager  
  92  6:11  Zergling x10  
  92  6:15  Ravager  
  97  6:18  Drone  
  97  6:24  Drone  
  99  6:31  Ravager  
  99  6:32  Drone x6  
  106  6:33  Overlord x2  
  106  6:44  Drone  
  106  6:45  Drone  
  91  6:47  Drone x2  
  91  6:52  Lair, Drone  
  91  6:53  Drone  
  79  6:57  Drone  
  79  6:59  Extractor, Drone  
  79  7:00  Extractor x2  
  76  7:04  Drone x10  
  86  7:12  Drone  
  86  7:13  Drone  
  88  7:15  Evolution Chamber x2  
  88  7:17  Hatchery  
  88  7:18  Roach  
  88  7:20  Queen  
  89  7:22  Overlord  
  89  7:23  Zergling x4  
  90  7:32  Drone x7  
  90  7:35  Drone x3  
  97  7:41  Zerg Missile Weapons Level 1  
  97  7:43  Zerg Ground Armor Level 1  
  97  7:50  Glial Reconstitution  
  97  7:55  Roach x4, Infestation Pit  
  104  8:04  Overlord, Pneumatized Carapace  
  103  8:08  Overlord  
  103  8:13  Drone x3  
  103  8:14  Overlord  
  106  8:22  Nydus Network  
  106  8:23  Extractor  
  104  8:28  Roach  
  104  8:29  Roach x7  
  104  8:33  Ravager x3  
  104  8:34  Ravager  
  118  8:35  Zergling x6, Roach x2  
  122  8:42  Roach  
  122  8:43  Roach x3  
  122  8:45  Roach  
  122  8:46  Zergling x2  
  117  9:00  Roach x4  
  121  9:03  Ravager x3  
  121  9:05  Queen x2  
  121  9:08  Roach  
  121  9:09  Roach x2  
  131  9:17  Overlord x3  
  131  9:22  Overlord  
  131  9:28  Hatchery  
  119  9:39  Swarm Host x4  
  119  9:45  Swarm Host x3  
  123  9:50  Swarm Host x2  
  138  9:58  Swarm Host  
  138  9:59  Swarm Host  
  131  10:07  Roach x5  
  131  10:11  Roach  
  139  10:19  Roach x3  
  145  10:22  Nydus Canal  
  145  10:24  Roach  
  145  10:25  Overlord x2  
  142  10:29  Extractor  
  142  10:33  Overlord  
  135  10:39  Roach  
  135  10:40  Overlord  
  129  10:47  Roach x3  
  129  10:48  Roach x4  
  129  10:49  Roach  
  135  10:54  Roach x3  
  135  10:57  Roach x2  
  135  10:58  Roach  
  135  11:02  Roach  
  143  11:07  Roach x2  
  147  11:12  Roach  
  147  11:13  Ravager x2  
  147  11:14  Ravager  
Tags
 
Add a new tag
Caveats
  • Supply blocks, unpowered buildings, or Contaminate may cause inaccurate times.
  • Supply counts are checked every 10 seconds.